[Event "58th Akiba Rubinstein B 2022"]
[Site "Polanica-Zdroj"]
[Date "2022.08.13"]
[Round "1.15"]
[White "Oglaza, Dawid"]
[Black "Grzadka, Artur"]
[Result "1-0"]
[ECO "B15"]
[WhiteElo "1558"]
[BlackElo "1720"]
[Annotator "NA RC COMBH"]
[PlyCount "81"]
[EventDate "2022.08.13"]
[EventCountry "POL"]
[SourceTitle "playchess.com"]
[Source "ChessBase"]
[SourceQuality "1"]
[TimeControl "40/5400+30:1800+30"]

1. e4 c6 2. d4 d5 3. Nc3 dxe4 4. Nxe4 Nf6 5. Nxf6+ exf6 6. Be3 Bd6 7. Bd3 O-O 8. Ne2 Re8 9. O-O Nd7 10. Qd2 Nf8 11. c4 Bc7 12. Ng3 Qd6 13. Rfe1 h5 14. f4 g6 15. Ne4 Qd8 16. Qc3 f5 17. Nd2 Ne6 18. g3 Rb8 19. a4 b6 20. Nf3 a5 21. Rad1 Bd6 22. c5 Bf8 23. Ne5 Bb7 24. Bc4 Qc8 25. Bf2 Ba8 26. Nxg6 fxg6 27. Rxe6 Rxe6 28. Re1 Kh7 29. Bxe6 Qd8 30. b3 bxc5 31. dxc5 Bg7 32. Qc2 Qf6 33. Bc4 Rd8 34. Rd1 Re8 35. Qd2 Qc3 36. Qd7 Re4 37. Bd3 Rb4 38. Bc4 Rb7 39. Qd8 Qc2 40. Rf1 Ra7 41. Qb8 1-0

[Event "58th Akiba Rubinstein B 2022"]
[Site "Polanica-Zdroj"]
[Date "2022.08.14"]
[Round "2.1"]
[White "Chmiel, Marcin"]
[Black "Jankowski, Aleksander"]
[Result "1-0"]
[ECO "A28"]
[WhiteElo "2192"]
[BlackElo "1715"]
[Annotator "TA"]
[PlyCount "67"]
[EventDate "2022.08.13"]
[EventCountry "POL"]
[SourceTitle "playchess.com"]
[Source "ChessBase"]
[SourceQuality "1"]
[TimeControl "40/5400+30:1800+30"]

1. c4 e5 2. Nc3 Nf6 3. Nf3 Nc6 4. e3 d5 5. cxd5 Nxd5 6. Bb5 Nxc3 7. bxc3 Bd6 8. d4 e4 {[%emt 0:00:12] Recently 8...Bd7 got a lot of attention. A28: English Opening: Four Knights Variation.} 9. Nd2 Qg5 10. Bf1 Qe7 ({Black should play} 10... Qg6 $14) 11. Qc2 {[%emt 0:03:40] [#]} (11. d5 $16) 11... f5 $146 ({Predecessor:} 11... Bf5 12. Rb1 Nd8 13. f4 O-O 14. Be2 Re8 15. O-O Qh4 16. Rb5 c5 17. Nc4 Bf8 {1-0 (27) Leontiev,A (2285)-Pavlova,N (1990) St Petersburg 2016}) 12. Be2 O-O 13. Nc4 b6 14. f4 exf3 15. Bxf3 Bd7 16. O-O Qh4 ({Black should try} 16... Rae8 $14) 17. Nxd6 cxd6 18. Ba3 Rf6 19. Qf2 Qxf2+ 20. Rxf2 Rc8 21. e4 Na5 22. e5 dxe5 23. dxe5 Rg6 24. Rd1 $1 Be6 {[%emt 0:09:17] [#]} 25. Rd6 (25. Rfd2 $1 $16 {[%cal Rd2d8] Strongly threatening Rd8+.} Nc4 26. Rd8+ Kf7 27. Rxc8 Bxc8 28. Bb4 (28. Bd5+ Be6 $11)) 25... Bf7 (25... Nc4 $2 {[#]} 26. Rxe6 $1 Rxe6 27. Bd5 $18) 26. Rd7 a6 (26... Be6 $16 {keeps fighting.} 27. Rxa7 Nc6 28. Bxc6 Rxc6) 27. Rfd2 $18 {[%emt 0:02:50] White wants to mate with Rd8+.} h6 (27... Re8 {might work better.} 28. Rc7 (28. Bh5 Nc4 $11) 28... b5) 28. Rd8+ Rxd8 29. Rxd8+ Kh7 30. Bh5 Rxg2+ (30... Nc4 31. Bxg6+ Kxg6) 31. Kxg2 {[%emt 0:00:06] White is clearly winning.} Bxh5 32. e6 {[%emt 0:00:29][%cal Be5e6,Be6e7][%mdl 32] Against Bf7} Nc4 33. Bc1 Ne5 34. e7 {[%emt 0:00:21] Weighted Error Value: White=0.13 (very precise) /Black=0.40} 1-0

[Event "58th Akiba Rubinstein B 2022"]
[Site "Polanica-Zdroj"]
[Date "2022.08.14"]
[Round "2.2"]
[White "Szydelko, Michal"]
[Black "Zerebiec, Maurycy"]
[Result "0-1"]
[ECO "C15"]
[WhiteElo "1833"]
[BlackElo "1915"]
[Annotator "NA RC"]
[PlyCount "94"]
[EventDate "2022.08.13"]
[EventCountry "POL"]
[SourceTitle "playchess.com"]
[Source "ChessBase"]
[SourceQuality "1"]
[TimeControl "40/5400+30:1800+30"]

1. e4 e6 2. d4 d5 3. Nc3 Bb4 4. exd5 exd5 5. Bd3 Nf6 6. Nf3 O-O 7. O-O Bg4 8. h3 Bh5 9. Bg5 Bxc3 10. bxc3 Nbd7 11. Re1 Re8 12. Be2 h6 13. Bxf6 Qxf6 14. Ne5 Nxe5 15. Bxh5 Nc4 16. Bf3 c6 17. Rb1 b5 18. Qd3 Re7 19. Re2 Rae8 20. Rbe1 Rxe2 21. Rxe2 Rxe2 22. Qxe2 Qe6 23. Kf1 Qxe2+ 24. Kxe2 Kf8 25. Kd3 Ke7 26. Bg4 Kd6 27. Bf3 g6 28. Be2 Ke6 29. Bg4+ f5 30. Be2 Kf6 31. f4 h5 32. Bf3 Nd6 33. Ke3 Ne4 34. Kd3 h4 35. Be2 Ke6 36. Bf3 Kd6 37. Be2 Kc7 38. Bf3 Kb6 39. Ke3 Nxc3 40. g4 hxg3 41. h4 Ne4 42. Bg2 Nf6 43. Kf3 Nh5 44. Bf1 Ka5 45. Bd3 Kb4 46. Ke3 Ka3 47. Be2 Kxa2 0-1

[Event "58th Akiba Rubinstein B 2022"]
[Site "Polanica-Zdroj"]
[Date "2022.08.14"]
[Round "2.3"]
[White "Mielczarek, Daniel"]
[Black "Turek, Michal"]
[Result "1/2-1/2"]
[ECO "D03"]
[WhiteElo "1912"]
[BlackElo "1681"]
[Annotator "NA RC"]
[PlyCount "110"]
[EventDate "2022.08.13"]
[EventCountry "POL"]
[SourceTitle "playchess.com"]
[Source "ChessBase"]
[SourceQuality "1"]
[TimeControl "40/5400+30:1800+30"]

1. Nf3 d5 2. d4 Nf6 3. Bg5 Ne4 4. Bh4 h5 5. Nfd2 g5 6. Nxe4 gxh4 7. Nec3 h3 8. gxh3 Bf5 9. Nd2 Nc6 10. Nb3 e6 11. a3 Qh4 12. e3 O-O-O 13. Qe2 Rg8 14. O-O-O Be7 15. Nd2 Bxh3 16. Bxh3 Qxh3 17. Qf3 Qxf3 18. Nxf3 Rg2 19. Rdf1 h4 20. h3 Bf6 21. Rhg1 Rdg8 22. Rxg2 Rxg2 23. Kd2 Ne7 24. Ke1 Nf5 25. Rg1 Rxg1+ 26. Nxg1 b6 27. Nce2 c5 28. c3 Nd6 29. a4 a6 30. Nf3 Nc4 31. b3 Na5 32. Nc1 Kd7 33. Kd2 c4 34. b4 Nb7 35. Ne5+ Ke7 36. Ne2 Nd6 37. f3 Bg5 38. Ng1 Nf5 39. Ng4 Ng3 40. f4 Bf6 41. Nf3 Nf5 42. Nxf6 Kxf6 43. Ne5 Ke7 44. e4 Nd6 45. exd5 exd5 46. Nc6+ Ke6 47. Nb8 Ne4+ 48. Kc2 a5 49. bxa5 bxa5 50. Nc6 Nf2 51. Kd2 Nxh3 52. Ke3 Kf5 53. Ne7+ Ke6 54. Nc6 Kf5 55. Ne7+ Ke6 1/2-1/2

[Event "58th Akiba Rubinstein B 2022"]
[Site "Polanica-Zdroj"]
[Date "2022.08.14"]
[Round "2.4"]
[White "Trusz, Julia"]
[Black "Twardowski, Hubert"]
[Result "1-0"]
[ECO "A40"]
[WhiteElo "1706"]
[BlackElo "1849"]
[Annotator "NA RC"]
[PlyCount "121"]
[EventDate "2022.08.13"]
[EventCountry "POL"]
[SourceTitle "playchess.com"]
[Source "ChessBase"]
[SourceQuality "1"]
[TimeControl "40/5400+30:1800+30"]

1. d4 Nf6 2. c4 e6 3. g3 c5 4. Nf3 cxd4 5. Nxd4 d5 6. Bg2 e5 7. Nf3 d4 8. O-O Nc6 9. e3 Be7 10. exd4 exd4 11. Bf4 Be6 12. Nbd2 O-O 13. Qb3 Rc8 14. Qd3 Qb6 15. Ng5 Nb4 16. Qb3 Bf5 17. a3 Bc2 18. Qf3 Nc6 19. b4 h6 20. Nge4 Nxe4 21. Nxe4 g5 22. c5 Qd8 23. Bd6 Bxe4 24. Qxe4 Bxd6 25. cxd6 Qxd6 26. b5 Rfe8 27. Qf5 Ne7 28. Qe4 Nc6 29. Qf5 Na5 30. Be4 Qe5 31. Qh7+ Kf8 32. Qxh6+ Qg7 33. Qd6+ Kg8 34. Rfe1 Nc4 35. Qb4 b6 36. Bf5 Ne5 37. Kg2 Rcd8 38. Rad1 Qf6 39. Be4 g4 40. Qb3 d3 41. Re3 Qh6 42. Qc3 Nf3 43. h4 d2 44. Qc7 Rc8 45. Qd7 Ne5 46. Qf5 Rcd8 47. Bc2 Ng6 48. Rxe8+ Rxe8 49. Qxg4 Re5 50. Bxg6 Qxg6 51. Qxg6+ fxg6 52. Rxd2 Rxb5 53. Rd8+ Kf7 54. Rd7+ Kf6 55. Rxa7 Rb2 56. g4 b5 57. Ra6+ Kf7 58. Kg3 Ra2 59. Ra5 Rb2 60. f3 Rb1 61. Kf4 1-0

[Event "58th Akiba Rubinstein B 2022"]
[Site "Polanica-Zdroj"]
[Date "2022.08.14"]
[Round "2.5"]
[White "Smukowski, Bartosz"]
[Black "Rogala, Milosz"]
[Result "1/2-1/2"]
[ECO "D44"]
[WhiteElo "1696"]
[BlackElo "1837"]
[Annotator "NA RC"]
[PlyCount "80"]
[EventDate "2022.08.13"]
[EventCountry "POL"]
[SourceTitle "playchess.com"]
[Source "ChessBase"]
[SourceQuality "1"]
[TimeControl "40/5400+30:1800+30"]

1. d4 d5 2. c4 c6 3. Nc3 Nf6 4. Nf3 e6 5. Bg5 dxc4 6. e4 b5 7. e5 h6 8. Bd2 Nd5 9. Be2 Nd7 10. O-O Nxc3 11. Bxc3 Nb6 12. b4 Nd5 13. Qd2 a5 14. a3 axb4 15. axb4 Rxa1 16. Rxa1 Be7 17. g3 O-O 18. Ne1 Qb6 19. Bf3 Bb7 20. Bxd5 exd5 21. Qa2 Ra8 22. Qb2 Ra6 23. Rxa6 Qxa6 24. Kg2 Qa4 25. f3 Bc8 26. Qd2 Bf5 27. h4 Qb3 28. g4 Bb1 29. Kg3 Kh7 30. Ng2 Qc2 31. Qxc2+ Bxc2 32. Ne3 Bd3 33. f4 h5 34. f5 hxg4 35. Kxg4 Be2+ 36. Kg3 Bd3 37. Bd2 Bd8 38. Kg4 Be2+ 39. Kg3 Bd3 40. Kg4 Be2+ 1/2-1/2

[Event "58th Akiba Rubinstein B 2022"]
[Site "Polanica-Zdroj"]
[Date "2022.08.14"]
[Round "2.6"]
[White "Szuber, Dawid"]
[Black "Kowalczyk, Wojciech"]
[Result "1/2-1/2"]
[ECO "B76"]
[WhiteElo "1484"]
[BlackElo "1835"]
[Annotator "NA RC"]
[PlyCount "30"]
[EventDate "2022.08.13"]
[EventCountry "POL"]
[SourceTitle "playchess.com"]
[Source "ChessBase"]
[SourceQuality "1"]
[TimeControl "40/5400+30:1800+30"]

1. e4 c5 2. Nf3 d6 3. d4 cxd4 4. Nxd4 Nf6 5. Nc3 g6 6. Be3 Bg7 7. f3 O-O 8. Qd2 Nc6 9. g4 Be6 10. Nxe6 fxe6 11. O-O-O Ne5 12. Be2 Qc8 13. Bd4 Nc6 14. Be3 Ne5 15. Bd4 Nc6 1/2-1/2

[Event "58th Akiba Rubinstein B 2022"]
[Site "Polanica-Zdroj"]
[Date "2022.08.14"]
[Round "2.7"]
[White "Wilk, Aleksander"]
[Black "Graff, Slawomir"]
[Result "1-0"]
[ECO "C01"]
[WhiteElo "1569"]
[BlackElo "1782"]
[Annotator "NA RC"]
[PlyCount "61"]
[EventDate "2022.08.13"]
[EventCountry "POL"]
[SourceTitle "playchess.com"]
[Source "ChessBase"]
[SourceQuality "1"]
[TimeControl "40/5400+30:1800+30"]

1. e4 e6 2. d4 d5 3. exd5 exd5 4. Bd3 Bd6 5. Nf3 Nf6 6. O-O O-O 7. c3 Bg4 8. Bg5 Nbd7 9. Nbd2 c6 10. Qc2 Qc7 11. Bh4 Rae8 12. Rfe1 Bh5 13. Bg3 Bxg3 14. hxg3 Bg6 15. Bxg6 hxg6 16. Rxe8 Rxe8 17. Re1 Rxe1+ 18. Nxe1 Qb8 19. b4 Qe8 20. Kf1 Ne4 21. Nd3 f5 22. Nf3 Qe7 23. Qc1 Kh7 24. Nde5 Nxe5 25. Nxe5 Qf6 26. Qe3 g5 27. f4 Qh6 28. Kg1 Qh5 29. Nf3 Nxg3 30. Nxg5+ Kg6 31. Qe6# 1-0

[Event "58th Akiba Rubinstein B 2022"]
[Site "Polanica-Zdroj"]
[Date "2022.08.14"]
[Round "2.8"]
[White "Sypien, Natan"]
[Black "Rzenca, Jerzy"]
[Result "0-1"]
[ECO "B18"]
[WhiteElo "1780"]
[BlackElo "1668"]
[Annotator "NA RC"]
[PlyCount "54"]
[EventDate "2022.08.13"]
[EventCountry "POL"]
[SourceTitle "playchess.com"]
[Source "ChessBase"]
[SourceQuality "1"]
[TimeControl "40/5400+30:1800+30"]

1. e4 c6 2. d4 d5 3. Nc3 dxe4 4. Nxe4 Bf5 5. Ng3 Bg6 6. N1e2 e6 7. Nf4 Bd6 8. Ngh5 Bxh5 9. Nxh5 g6 10. Nf4 Qc7 11. g3 Nd7 12. Bg2 Ne7 13. Qe2 O-O-O 14. Bd2 Nf5 15. c3 e5 16. dxe5 Rhe8 17. e6 Nc5 18. O-O-O Nxe6 19. Nxe6 Rxe6 20. Qc4 Qb6 21. Bg5 Rde8 22. Rd2 f6 23. Bf4 Bxf4 24. Qxf4 Qa6 25. b3 Qa3+ 26. Kb1 Re1+ 27. Rd1 R8e2 0-1

[Event "58th Akiba Rubinstein B 2022"]
[Site "Polanica-Zdroj"]
[Date "2022.08.14"]
[Round "2.9"]
[White "Kossowski, Pawel"]
[Black "Oglaza, Dawid"]
[Result "1-0"]
[ECO "B67"]
[WhiteElo "1737"]
[BlackElo "1558"]
[Annotator "NA RC"]
[PlyCount "53"]
[EventDate "2022.08.13"]
[EventCountry "POL"]
[SourceTitle "playchess.com"]
[Source "ChessBase"]
[SourceQuality "1"]
[TimeControl "40/5400+30:1800+30"]

1. e4 c5 2. Nf3 d6 3. d4 cxd4 4. Nxd4 Nf6 5. Nc3 Nc6 6. Bg5 e6 7. Qd2 a6 8. O-O-O Bd7 9. f4 h6 10. Bh4 Nxe4 11. Qe1 Nf6 12. Nf5 Qa5 13. Nxd6+ Bxd6 14. Rxd6 Ne7 15. Bxf6 gxf6 16. Qh4 f5 17. Be2 Ng6 18. Qf6 Rd8 19. Bh5 Rg8 20. Rhd1 Qc5 21. g3 a5 22. a4 b6 23. Kb1 Qc7 24. Nb5 Qb8 25. R6d2 Nh8 26. Nd6+ Kf8 27. Nxf7 1-0

[Event "58th Akiba Rubinstein B 2022"]
[Site "Polanica-Zdroj"]
[Date "2022.08.14"]
[Round "2.11"]
[White "Lukasiewicz, Anna"]
[Black "Blaszkiewicz, Jakub"]
[Result "1-0"]
[ECO "B70"]
[WhiteElo "1954"]
[BlackElo "1405"]
[Annotator "NA RC"]
[PlyCount "64"]
[EventDate "2022.08.13"]
[EventCountry "POL"]
[SourceTitle "playchess.com"]
[Source "ChessBase"]
[SourceQuality "1"]
[TimeControl "40/5400+30:1800+30"]

1. e4 c5 2. Nf3 d6 3. d4 cxd4 4. Nxd4 Nf6 5. Nc3 g6 6. Be2 Bg7 7. O-O O-O 8. Bg5 Nc6 9. Nb3 a6 10. Kh1 b5 11. a3 Bb7 12. f4 Nd7 13. Bf3 Nb6 14. Qe1 h6 15. Bh4 Nc4 16. Rb1 b4 17. axb4 Nxb4 18. Nd5 Nxd5 19. exd5 Re8 20. c3 Rb8 21. Nd2 Rc8 22. Nxc4 Rxc4 23. Qd2 Qa5 24. Rfe1 g5 25. Bg3 Bf6 26. fxg5 hxg5 27. Bxd6 g4 28. Bb4 Qd8 29. Be4 Kg7 30. Qe2 Qc8 31. Bd3 Rf4 32. Rf1 e5 1-0

[Event "58th Akiba Rubinstein B 2022"]
[Site "Polanica-Zdroj"]
[Date "2022.08.14"]
[Round "2.12"]
[White "Penza, Denis"]
[Black "Krzyzosiak, Marta"]
[Result "0-1"]
[ECO "E73"]
[WhiteElo "1836"]
[BlackElo "1666"]
[Annotator "NA RC"]
[PlyCount "66"]
[EventDate "2022.08.13"]
[EventCountry "POL"]
[SourceTitle "playchess.com"]
[Source "ChessBase"]
[SourceQuality "1"]
[TimeControl "40/5400+30:1800+30"]

1. d4 Nf6 2. c4 g6 3. Nc3 Bg7 4. e4 d6 5. Be2 O-O 6. Bg5 c5 7. d5 h6 8. Bf4 g5 9. Be3 e6 10. h4 g4 11. Qd2 Kh7 12. dxe6 fxe6 13. O-O-O Nc6 14. Qxd6 Qxd6 15. Rxd6 Nd4 16. Bxd4 cxd4 17. Rxd4 Nd5 18. Rd1 Nxc3 19. bxc3 Rxf2 20. Bxg4 Rxg2 21. Bf3 Rxa2 22. Kb1 Rf2 23. e5 Bxe5 24. Be4+ Kg7 25. Nf3 Bxc3 26. Rhg1+ Kf7 27. h5 a5 28. Rg6 a4 29. Rxh6 a3 30. Ng5+ Kg7 31. Rg6+ Kf8 32. Rd8+ Ke7 33. Rxe6+ Kxd8 0-1

[Event "58th Akiba Rubinstein B 2022"]
[Site "Polanica-Zdroj"]
[Date "2022.08.14"]
[Round "2.13"]
[White "Bednarczyk, Mateusz"]
[Black "Ochenduszko, Bartosz"]
[Result "0-1"]
[ECO "E90"]
[WhiteElo "1925"]
[BlackElo "1546"]
[Annotator "NA RC"]
[PlyCount "88"]
[EventDate "2022.08.13"]
[EventCountry "POL"]
[SourceTitle "playchess.com"]
[Source "ChessBase"]
[SourceQuality "1"]
[TimeControl "40/5400+30:1800+30"]

1. e4 d6 2. d4 g6 3. c4 Bg7 4. Nc3 Nf6 5. Nf3 O-O 6. Bg5 c5 7. dxc5 dxc5 8. Qxd8 Rxd8 9. e5 Ng4 10. Nd5 Nc6 11. Nxe7+ Nxe7 12. Bxe7 Re8 13. Bxc5 Nxe5 14. Nxe5 Rxe5+ 15. Be3 Bg4 16. h3 Be6 17. Be2 f5 18. Bd4 Rxe2+ 19. Kxe2 Bxc4+ 20. Kf3 Bxd4 21. Rhd1 Bb6 22. b3 Bb5 23. h4 Ba5 24. Rac1 Re8 25. Rd5 Be2+ 26. Kg3 Bb6 27. a4 f4+ 28. Kh3 Bxf2 29. Rc7 Re3+ 30. Kh2 Bg3+ 31. Kg1 Bb5 32. Rd8+ Be8 33. Rc1 Kf7 34. Rdd1 Bc6 35. b4 Re2 36. b5 Rxg2+ 37. Kf1 Bf3 38. Rd3 Rf2+ 39. Kg1 Be2 40. Rd7+ Ke6 41. Rxh7 f3 42. Rxb7 Rg2+ 43. Kh1 Rh2+ 44. Kg1 f2# 0-1

[Event "58th Akiba Rubinstein B 2022"]
[Site "Polanica-Zdroj"]
[Date "2022.08.14"]
[Round "2.14"]
[White "Wojcik, Grzegorz"]
[Black "Halhoul, Adam"]
[Result "0-1"]
[ECO "D30"]
[WhiteElo "1509"]
[BlackElo "1672"]
[Annotator "NA RC"]
[PlyCount "86"]
[EventDate "2022.08.13"]
[EventCountry "POL"]
[SourceTitle "playchess.com"]
[Source "ChessBase"]
[SourceQuality "1"]
[TimeControl "40/5400+30:1800+30"]

1. d4 d5 2. c4 e6 3. Nf3 c6 4. g3 dxc4 5. Bg2 Nf6 6. O-O Bd6 7. Qc2 b5 8. a4 Bb7 9. b3 cxb3 10. Qxb3 a6 11. Nbd2 O-O 12. e4 Be7 13. e5 Nd5 14. Ne4 Nd7 15. Ba3 b4 16. Rfc1 a5 17. Bb2 Qb6 18. Qc4 Rac8 19. Nc5 Nxc5 20. dxc5 Qa7 21. Bd4 Ba6 22. Qb3 Rfd8 23. Bf1 Bxf1 24. Kxf1 Nc7 25. Rc4 Rd5 26. Rac1 Na6 27. Qe3 Rcd8 28. Kg2 Qb7 29. Qb3 h6 30. Qb2 Qa7 31. Qc2 Rb8 32. Nd2 Rxd4 33. Rxd4 Nxc5 34. Rd6 Bxd6 35. exd6 Nb7 36. Qxc6 Qd4 37. Ne4 Nd8 38. Qe8+ Kh7 39. f3 Qb2+ 40. Kh3 Qxc1 41. d7 Qf1+ 42. Kh4 Qxf3 43. Nd6 b3 0-1

[Event "58th Akiba Rubinstein B 2022"]
[Site "Polanica-Zdroj"]
[Date "2022.08.14"]
[Round "2.15"]
[White "Latacz, Grzegorz"]
[Black "Terkiewicz, Bruno"]
[Result "1/2-1/2"]
[ECO "E00"]
[WhiteElo "1449"]
[BlackElo "1473"]
[Annotator "NA RC"]
[PlyCount "50"]
[EventDate "2022.08.13"]
[EventCountry "POL"]
[SourceTitle "playchess.com"]
[Source "ChessBase"]
[SourceQuality "1"]
[TimeControl "40/5400+30:1800+30"]

1. d4 Nf6 2. c4 e6 3. a3 d5 4. Nc3 c6 5. cxd5 exd5 6. Bg5 Be7 7. e3 O-O 8. Bd3 Re8 9. Nf3 Nbd7 10. Qc2 h6 11. Bf4 Nf8 12. O-O Ne6 13. Bg3 Bd6 14. Ne5 Qe7 15. Rfd1 Ng5 16. Re1 Nge4 17. Nxe4 Nxe4 18. Bxe4 dxe4 19. Nc4 Bxg3 20. hxg3 Be6 21. Rab1 Bd5 22. b4 Qe6 23. Rec1 Rec8 24. Qe2 Rc7 25. Rc2 Rac8 1/2-1/2

[Event "58th Akiba Rubinstein B 2022"]
[Site "Polanica-Zdroj"]
[Date "2022.08.15"]
[Round "3.1"]
[White "Trusz, Julia"]
[Black "Chmiel, Marcin"]
[Result "0-1"]
[ECO "D11"]
[WhiteElo "1706"]
[BlackElo "2192"]
[Annotator "NA RC"]
[PlyCount "120"]
[EventDate "2022.08.13"]
[EventCountry "POL"]
[SourceTitle "playchess.com"]
[Source "ChessBase"]
[SourceQuality "1"]
[TimeControl "40/5400+30:1800+30"]

1. d4 d5 2. c4 c6 3. Nf3 Nf6 4. Qc2 dxc4 5. Qxc4 Bf5 6. g3 e6 7. Bg2 Be7 8. O-O O-O 9. e3 Nbd7 10. Rd1 Rc8 11. Qe2 Bg6 12. Nc3 b5 13. b3 Ne4 14. Bb2 Nxc3 15. Bxc3 Be4 $14 16. Nd2 Bxg2 17. Kxg2 f5 18. f3 Nb6 19. e4 Bf6 20. Nf1 Qe7 21. Rac1 g6 22. Ne3 Bg7 23. Nc2 fxe4 24. fxe4 c5 25. Qxb5 Qb7 26. Qe2 Rfd8 27. Qg4 cxd4 28. Qxe6+ Kh8 29. Bxd4 Re8 30. Bxg7+ Kxg7 31. Qd6 Qxe4+ 32. Kg1 Rxc2 33. Rxc2 Qxc2 34. Rf1 Kg8 35. Qf6 Qc5+ 36. Kh1 Qd5+ 37. Kg1 Qe6 38. Qxe6+ Rxe6 39. Rc1 Re2 40. a4 Nd5 41. Rc8+ Kf7 42. Rd8 Ne7 43. Ra8 Rb2 44. Rxa7 Rxb3 45. a5 Rb2 46. a6 Ra2 47. g4 g5 48. h3 h6 49. Kh1 Kf6 50. Ra8 Nc6 51. Kg1 Kg7 52. Kh1 Nb4 53. Rb8 Nxa6 54. Rb7+ Kf6 55. Rb6+ Ke5 56. Rxh6 Kf4 57. Rc6 Kg3 58. Rc3+ Kh4 59. Kg1 Nb4 60. Rb3 Nd5 0-1

[Event "58th Akiba Rubinstein B 2022"]
[Site "Polanica-Zdroj"]
[Date "2022.08.15"]
[Round "3.2"]
[White "Zerebiec, Maurycy"]
[Black "Wilk, Aleksander"]
[Result "1/2-1/2"]
[ECO "A11"]
[WhiteElo "1915"]
[BlackElo "1569"]
[Annotator "NA RC"]
[PlyCount "154"]
[EventDate "2022.08.13"]
[EventCountry "POL"]
[SourceTitle "playchess.com"]
[Source "ChessBase"]
[SourceQuality "1"]
[TimeControl "40/5400+30:1800+30"]

1. c4 c6 2. Nc3 d5 3. cxd5 cxd5 4. d4 Nf6 5. Nf3 Nc6 6. Bg5 Ne4 7. Bd2 Nxc3 8. Bxc3 Bg4 9. Ne5 Bd7 10. Qb3 Nxe5 11. dxe5 Bc6 12. e6 fxe6 13. e3 Qd7 14. Qb4 Qd6 15. Qh4 e5 $11 16. Qh5+ g6 17. Qxe5 Qxe5 18. Bxe5 Rg8 19. Bd3 Bg7 20. Bxg7 Rxg7 21. Rc1 e5 22. Rc5 Ke7 23. Kd2 Kd6 24. Rhc1 Rf8 25. f3 g5 26. h3 h5 27. Bb5 Rc7 28. b4 Rff7 29. a4 a6 30. Bxc6 Rxc6 31. Rxc6+ bxc6 32. Rc5 g4 33. hxg4 hxg4 34. Ra5 gxf3 35. gxf3 Rxf3 36. Rxa6 Rf2+ 37. Ke1 Rc2 38. Kd1 Rc4 39. b5 Kc7 40. Ra7+ Kb6 41. Ra6+ Kb7 42. Ra5 Kb6 43. Ra8 Kb7 44. Ra5 Kb6 45. Ra6+ Kb7 46. a5 Rc5 47. Rb6+ Kc7 48. bxc6 Rxa5 49. Rb7+ Kxc6 50. Re7 Kd6 51. Re8 Ra2 52. Rd8+ Ke6 53. Rf8 Rg2 54. Ke1 Rg7 55. Ke2 Rf7 56. Rd8 Rd7 57. Rf8 e4 58. Re8+ Kd6 59. Kd2 Rg7 60. Rd8+ Ke6 61. Re8+ Kd7 62. Rh8 Rg3 63. Rh6 Rf3 64. Ke2 Rf8 65. Kd2 Rc8 66. Rg6 Rc6 67. Rxc6 Kxc6 68. Kc2 Kb6 69. Kb2 Kb5 70. Kb3 Kc5 71. Kc3 d4+ 72. exd4+ Kd5 73. Kd2 Kxd4 74. Ke2 e3 75. Ke1 Kd3 76. Kd1 e2+ 77. Ke1 Ke3 1/2-1/2

[Event "58th Akiba Rubinstein B 2022"]
[Site "Polanica-Zdroj"]
[Date "2022.08.15"]
[Round "3.3"]
[White "Rzenca, Jerzy"]
[Black "Kossowski, Pawel"]
[Result "1/2-1/2"]
[ECO "C47"]
[WhiteElo "1668"]
[BlackElo "1737"]
[Annotator "NA RC"]
[PlyCount "61"]
[EventDate "2022.08.13"]
[EventCountry "POL"]
[SourceTitle "playchess.com"]
[Source "ChessBase"]
[SourceQuality "1"]
[TimeControl "40/5400+30:1800+30"]

1. e4 e5 2. Nf3 Nc6 3. Nc3 Nf6 4. d4 exd4 5. Nxd4 Bb4 6. Nxc6 bxc6 7. Bd3 d5 8. exd5 cxd5 9. O-O O-O 10. Bg5 c6 11. Qf3 Be7 12. Rfe1 Re8 13. h3 h6 14. Bf4 Be6 15. Rad1 Bd6 16. Na4 Rb8 17. b3 c5 18. c4 d4 19. Re2 Rc8 20. Rde1 Bxf4 21. Qxf4 Bd7 22. Bf5 Rxe2 23. Rxe2 Bxf5 24. Qxf5 Qd7 25. Qxd7 Nxd7 26. Kf1 Kf8 27. Nb2 Re8 28. Rxe8+ Kxe8 29. Nd3 a5 30. f4 f5 31. Kf2 1/2-1/2

[Event "58th Akiba Rubinstein B 2022"]
[Site "Polanica-Zdroj"]
[Date "2022.08.15"]
[Round "3.4"]
[White "Turek, Michal"]
[Black "Lukasiewicz, Anna"]
[Result "1/2-1/2"]
[ECO "C54"]
[WhiteElo "1681"]
[BlackElo "1954"]
[Annotator "NA RC"]
[PlyCount "90"]
[EventDate "2022.08.13"]
[EventCountry "POL"]
[SourceTitle "playchess.com"]
[Source "ChessBase"]
[SourceQuality "1"]
[TimeControl "40/5400+30:1800+30"]

1. e4 e5 2. Nf3 Nc6 3. Bc4 Bc5 4. c3 Nf6 5. d3 d6 6. a4 a5 7. O-O O-O 8. h3 h6 9. Re1 Bb6 10. Nbd2 Ne7 11. Nf1 Ng6 12. Ng3 c6 13. Bb3 Qc7 14. d4 Bd7 15. Be3 Rad8 16. Qc2 Bc8 17. Rad1 $14 Rfe8 18. Kh1 Be6 19. Bxe6 Rxe6 20. Qb3 exd4 21. Nxd4 Bxd4 22. Bxd4 c5 23. Bxf6 Rxf6 24. Rd2 Re8 25. Red1 Nf4 26. Qc4 b6 27. Ne2 Ng6 28. f3 Re5 29. Rd5 Rxd5 30. Qxd5 Kh7 31. c4 Qc8 32. Qd2 Qe8 33. Nc3 Nf4 34. Nd5 Nxd5 35. Qxd5 Qxa4 36. Kh2 Qb3 37. Rd2 Qb4 38. Re2 Qb3 39. Rd2 Qe3 40. Kh1 Rg6 41. Qd3 Qe1+ 42. Kh2 Qg3+ 43. Kg1 Kg8 44. Kh1 Qe1+ 45. Kh2 Qg3+ 1/2-1/2

[Event "58th Akiba Rubinstein B 2022"]
[Site "Polanica-Zdroj"]
[Date "2022.08.15"]
[Round "3.5"]
[White "Krzyzosiak, Marta"]
[Black "Mielczarek, Daniel"]
[Result "0-1"]
[ECO "B16"]
[WhiteElo "1666"]
[BlackElo "1912"]
[Annotator "NA RC"]
[PlyCount "138"]
[EventDate "2022.08.13"]
[EventCountry "POL"]
[SourceTitle "playchess.com"]
[Source "ChessBase"]
[SourceQuality "1"]
[TimeControl "40/5400+30:1800+30"]

1. e4 c6 2. d4 d5 3. Nc3 dxe4 4. Nxe4 Nf6 5. Nxf6+ gxf6 6. c3 Bf5 7. Bd3 Bxd3 8. Qxd3 e6 9. Bf4 Bd6 10. Bxd6 Qxd6 11. Ne2 $11 Nd7 12. Qg3 Qd5 13. Nf4 Qe4+ 14. Qe3 Qxe3+ 15. fxe3 f5 16. O-O-O Rg8 17. Rhe1 Nf6 18. Re2 Ke7 19. Nd3 Ne4 20. g3 h5 21. Nf2 h4 22. Nxe4 fxe4 23. Rg1 Rg4 24. Reg2 Rag8 25. Kd2 hxg3 26. Rxg3 Rxg3 27. hxg3 Rh8 28. Rg2 Kf6 29. Rf2+ Kg6 30. g4 Rh4 31. g5 Rg4 32. Rf4 Rg2+ 33. Kc1 Re2 34. Rxe4 Kxg5 35. a3 b6 36. Kb1 a5 37. a4 Kf6 38. Rf4+ Ke7 39. e4 f6 40. Rh4 e5 41. dxe5 fxe5 42. Rg4 Kd6 43. Ka2 Kc5 44. Ka3 b5 45. axb5 cxb5 46. Rg8 Rxe4 47. Rc8+ Kd5 48. Rb8 b4+ 49. Kb3 a4+ 50. Kxa4 bxc3+ 51. Kb3 cxb2 52. Kxb2 Rc4 53. Re8 Kd4 54. Kb3 Rc7 55. Kb2 e4 56. Rd8+ Ke3 57. Re8 Kd3 58. Rd8+ Ke2 59. Re8 e3 60. Rf8 Kd2 61. Rd8+ Ke1 62. Re8 e2 63. Rf8 Rc5 64. Rf7 Kd2 65. Rd7+ Ke3 66. Re7+ Kd3 67. Re8 Rc4 68. Rd8+ Rd4 69. Re8 Kd2 0-1

[Event "58th Akiba Rubinstein B 2022"]
[Site "Polanica-Zdroj"]
[Date "2022.08.15"]
[Round "3.6"]
[White "Rogala, Milosz"]
[Black "Szuber, Dawid"]
[Result "1/2-1/2"]
[ECO "B83"]
[WhiteElo "1837"]
[BlackElo "1484"]
[Annotator "NA RC"]
[PlyCount "58"]
[EventDate "2022.08.13"]
[EventCountry "POL"]
[SourceTitle "playchess.com"]
[Source "ChessBase"]
[SourceQuality "1"]
[TimeControl "40/5400+30:1800+30"]

1. e4 c5 2. Nf3 Nc6 3. d4 cxd4 4. Nxd4 Nf6 5. Nc3 d6 6. Be2 e6 7. Be3 Be7 8. g4 h6 9. h3 a6 $11 10. Qd2 Qc7 11. f4 b5 12. Bf3 Bb7 13. Qg2 Rc8 14. g5 hxg5 15. fxg5 Nh5 16. Nxc6 Qxc6 17. O-O g6 18. Rac1 Bd8 19. Qf2 Ng7 20. Bg2 Rc7 21. Bb6 Re7 22. Be3 Nh5 23. a3 Bc7 24. e5 d5 25. Bd4 Ng7 26. Qf6 Rh7 27. Qf2 Nf5 28. Ne2 Rh4 29. c3 Rh5 1/2-1/2